Workbook

Sheet PLANILHA ORÇAMENTÁRIA
A5: PLANILHA ORÇAMENTÁRIA
A7: OBRA: INFRAESTRUTURA URBANA COM EXECUÇÃO DE PAVIMENTAÇÃO ASFÁLTICA - ÁREA = 5.859,40m² | J7: BASE ORÇAMENTÁRIA
A8: LOCAL: TRECHO DA AVENIDA JOSÉ RUGINE - BAIRRO GUAÇUZAL (SENTIDO BAIRRO CAMPESTRE/GUAÇUZAL) | J8: FONTES
A9: PROPRIETÁRIO: PREFEITURA MUNICIPAL DE PILAR DO SUL-SP | J9: SINAPI- DATA BASE: 05/2022 (DESONERADO)
J10: CDHU: 186 ( DESONERADO)
J11: LEIS SOCIAIS= 97,78%
A13: ITEM | B13: FONTE | C13: CÓD. | D13: MATERIAL E MÃO DE OBRA | E13: UNIDADE | F13: QUANTIDADE | G13: PREÇO UNITÁRIO | H13: PREÇO UNITÁRIO COM BDI: 26,85% | I13: PREÇO TOTAL SEM BDI | J13: PREÇO TOTAL COM BDI | K13: MEMÓRIA DE CÁLCULO
A14: 1 | D14: ADMINISTRAÇÃO LOCAL
A15: 1.1 | B15: COMP. | C15: 1 | D15: Administração local | E15: vb | F15: 1 | G15: ='ADM LOCAL '!G11 -> 11868.96 | H15: =G15 -> 11868.96 | I15: =F15*G15 -> 11868.96 | J15: =I15 -> 11868.96 | K15: >> Administração local
H16: SUB TOTAL | I16: =I15 -> 11868.96 | J16: =J15 -> 11868.96
A17: 2 | D17: SERVIÇOS PRELIMINARES
A18: 2.1 | B18: CDHU | C18: 02.08.020 | D18: Placa de identificação para obra | E18: m² | F18: 6 | G18: 848.25 | H18: =G18*1.2685 -> 1076.0051 | I18: =F18*G18 -> 5089.5 | J18: =F18*H18 -> 6456.0307 | K18: >>Placa nas dimensões= 4,00m x 1,5m = 6,00m²
A19: 2.2 | B19: CDHU | C19: 02.02.120 | D19: Locação de container tipo alojamento ‐ área mínima de 13,80 m² | E19: un x mês | F19: 6 | G19: 723.69 | H19: =G19*1.2685 -> 918.00077 | I19: =F19*G19 -> 4342.14 | J19: =F19*H19 -> 5508.0046 | K19: >> 01 unidade x 6 meses
A20: 2.3 | B20: CDHU | C20: 02.01.180 | D20: Banheiro químico modelo Standard, com manutenção conforme exigências da CETESB | E20: un x mês | F20: 6 | G20: 773.54 | H20: =G20*1.2685 -> 981.23549 | I20: =F20*G20 -> 4641.24 | J20: =F20*H20 -> 5887.4129 | K20: >> 01 unidade x 6 meses
H21: SUB TOTAL | I21: =SUM(I18:I20) -> 14072.88 | J21: =SUM(J18:J20) -> 17851.448
A22: 3 | D22: ESCAVAÇÃO, SUBLEITO, SUB-BASE, BASE E REVESTIMENTO
A23: 3.1 | B23: SINAPI | C23: 101235 | D23: Escavação vertical a céu aberto, em obras de infraestrutura, incluindo carga, descarga e transporte, em solo de 1ª categoria com escavadeira hidráulica (caçamba: 0,8 m³ / 111hp), frota de 5 caminhões basculantes de 14 m³, dmt de 2 km e velocidade média 19km/h. | E23: m³ | F23: 4570.3 | G23: 17.47 | H23: =G23*1.2685 -> 22.160695 | I23: =F23*G23 -> 79843.141 | J23: =F23*H23 -> 101281.02 | K23: >> Escavação = 6.529,00m² x 0,70m = 4.570,30m³
A24: 3.2 | B24: SINAPI | C24: 100576 | D24: Regularização e compactação de subleito, com no minímo 95% do PN. | E24: m² | F24: 6529 | G24: 2.32 | H24: =G24*1.2685 -> 2.94292 | I24: =F24*G24 -> 15147.28 | J24: =F24*H24 -> 19214.325 | K24: >>Regularização e compactação do subleito = 6.529,00m²
A25: 3.3 | B25: SINAPI | C25: 96400 | D25: Execução e compactação de base e ou sub base para pavimentação de macadame seco | E25: m³ | F25: 3264.5 | G25: 112.47 | H25: =G25*1.2685 -> 142.66819 | I25: =F25*G25 -> 367158.32 | J25: =F25*H25 -> 465740.32 | K25: >>Base ou sub-base = 6.529,00m² x 0,50m = 3.264,50m³
A26: 3.4 | B26: SINAPI | C26: 95876 | D26: Transporte com caminhão basculante de 14 m³, em via urbana pavimentada, dmt até 30 km (macadame seco) | E26: m³ x km | F26: 97935 | G26: 2.04 | H26: =G26*1.2685 -> 2.58774 | I26: =F26*G26 -> 199787.4 | J26: =F26*H26 -> 253430.32 | K26: >>Volume do item 3.3 x 30 km = 3.264,50m³ x 30km = 97.935,00 m³ x km
A27: 3.5 | B27: SINAPI | C27: 96397 | D27: Execução e compactação de base e ou sub base para pavimentação de brita graduada simples tratada com cimento | E27: m³ | F27: 887.28 | G27: 181.98 | H27: =G27*1.2685 -> 230.84163 | I27: =F27*G27 -> 161467.21 | J27: =F27*H27 -> 204821.16 | K27: >>Base ou sub-base = 6.529,00m² x 0,14m = 914,06m³ >>Desconto das guias e sarjetas = 1.488,00m x 0,45m x 0,04m = 26,78m³ >>Total = 914,06m³ - 26,78m³ = 887,28m³
A28: 3.6 | B28: SINAPI | C28: 95876 | D28: Transporte com caminhão basculante de 14 m³, em via urbana pavimentada, dmt até 30 km (brita graduada simples tratada com cimento) | E28: m³ x km | F28: 26618.4 | G28: 2.04 | H28: =G28*1.2685 -> 2.58774 | I28: =F28*G28 -> 54301.536 | J28: =F28*H28 -> 68881.498 | K28: >> Volume do item 3.5 x 30 km = 887,28m³ x 30km = 26.618,40 m³ x km
A29: 3.7 | B29: CDHU | C29: 54.03.240 | D29: Imprimação betuminosa impermeabilizante | E29: m² | F29: 5859.4 | G29: 16.28 | H29: =G29*1.2685 -> 20.65118 | I29: =F29*G29 -> 95391.032 | J29: =F29*H29 -> 121003.52 | K29: >>Aplicação da imprimação (após a brita) = 6.529,00m² - (1.488,00m x 0,45m) = 669,60m² = 5.859,40m²
A30: 3.8 | B30: SINAPI | C30: 96402 | D30: Execução de pintura de ligação com emulsão asfáltica RR-2C | E30: m² | F30: 11718.8 | G30: 2.89 | H30: =G30*1.2685 -> 3.665965 | I30: =F30*G30 -> 33867.332 | J30: =F30*H30 -> 42960.711 | K30: >> Aplicação da imprimação (após a imprimação impermeabilizante) = 5.859,40m² >> Aplicação de imprimação após o Binder = 5.859,40m² >> Total = 5.859,40m² + 5.859,40m² = 11.718,80m²
A31: 3.9 | B31: SINAPI | C31: 95996 | D31: Execução de pavimento com aplicação de concreto asfáltico, camada de binder - 3,5cm | E31: m³ | F31: 205.08 | G31: 1216.36 | H31: =G31*1.2685 -> 1542.9527 | I31: =F31*G31 -> 249451.11 | J31: =F31*H31 -> 316428.73 | K31: >> Aplicação do Binder = 5.859,40m² x 0,035m = 205,08m³
A32: 3.10 | B32: SINAPI | C32: 95995 | D32: Execução de pavimento com aplicação de concreto asfáltico, camada de rolamento - 3cm | E32: m³ | F32: 175.78 | G32: 1408.24 | H32: =G32*1.2685 -> 1786.3524 | I32: =F32*G32 -> 247540.43 | J32: =F32*H32 -> 314005.03 | K32: >> Aplicação do CBUQ = 5.859,40m² x 0,03m = 175,78m³
A33: 3.11 | B33: SINAPI | C33: 95876 | D33: Transporte com caminhão basculante de 14 m³, em via urbana pavimentada, dmt até 30 km (Binder + CBUQ) | E33: m³ x km | F33: 11425.8 | G33: 2.04 | H33: =G33*1.2685 -> 2.58774 | I33: =F33*G33 -> 23308.632 | J33: =F33*H33 -> 29567 | K33: >> Volume dos itens 3.9+ 3.10 x 30km = 205,08m³ + 175,78m³ = 380,86m³ x 30km = 11.425,80 m³ x km
A34: 3.12 | B34: SINAPI | C34: 93593 | D34: Transporte com caminhão basculante de 14 m³, em via urbana pavimentada, adicional para dmt excedente a 30 km (unidade: m3xkm), (Binder + CBUQ) | E34: m³ x km | F34: 15234.4 | G34: 0.82 | H34: =G34*1.2685 -> 1.04017 | I34: =F34*G34 -> 12492.208 | J34: =F34*H34 -> 15846.366 | K34: >> Volume dos itens 3.9+ 3.10 x 30km = 205,08m³ + 175,78m³ = 380,86m³ x 40km = 15.234,40 m³ x km
H35: SUB TOTAL | I35: =SUM(I23:I34) -> 1539755.6 | J35: =SUM(J23:J34) -> 1953180
A36: 4 | D36: GUIAS E SARJETAS
A37: 4.1 | B37: SINAPI | C37: 94267 | D37: Guia (meio-fio) e sarjeta conjugados de concreto, moltada in loco em trecho reto com extrusora, 45 cm base (15 cm base da guia+ 30 cm base da sarjeta) x 22cm altura. | E37: m | F37: 1433 | G37: 48.38 | H37: =G37*1.2685 -> 61.37003 | I37: =F37*G37 -> 69328.54 | J37: =F37*H37 -> 87943.253 | K37: >>Extensão da guia (trechos retos) = 1.433,00m
A38: 4.2 | B38: SINAPI | C38: 94268 | D38: Guia (meio-fio) e sarjeta conjugados de concreto, moldada in loco em trecho curvo com extrusora, 45 cm base (15 cm base da guia + 30 cm base da sarjeta) x 22 cm altura. | E38: m | F38: 55 | G38: 53.1 | H38: =G38*1.2685 -> 67.35735 | I38: =F38*G38 -> 2920.5 | J38: =F38*H38 -> 3704.6542 | K38: >>Extensão da guia (trechos curvos) = 55,00m
H39: SUB TOTAL | I39: =SUM(I37:I38) -> 72249.04 | J39: =SUM(J37:J38) -> 91647.907
A40: 5 | D40: CAIXA DE CAPTAÇÃO (BOCA DE LOBO)
A41: 5.1 | B41: SINAPI | C41: 97973 | D41: Caixa para boca de lobo dupla combinada com grelha retangular, em alvenaria com blocos de concreto, dimensões internas: 1,3x2,2x1,2m | E41: un | F41: 16 | G41: 3989.45 | H41: =G41*1.2685 -> 5060.6173 | I41: =F41*G41 -> 63831.2 | J41: =F41*H41 -> 80969.877 | K41: >> Execução de 16 unidades (conforme projeto)
H42: SUB TOTAL | I42: =I41 -> 63831.2 | J42: =J41 -> 80969.877
I44: SEM BDI | J44: COM BDI
H45: TOTAL | I45: =SUM(I16,I21,I35,I39,I42) -> 1701777.7 | J45: =SUM(J16,J21,J35,J39,J42) -> 2155518.2
A49: PILAR DO SUL-SP, 12 DE JULHO DE 2022

Sheet CRONOGRAMA
A3: CRONOGRAMA FÍSICO-FINANCEIRO
A5: PROCESSO: INFRAESTRUTURA URBANA COM EXECUÇÃO DE PAVIMENTAÇÃO ASFÁLTICA - ÁREA = 5.859,40m²
A6: LOCAL: TRECHO DA AVENIDA JOSÉ RUGINE - BAIRRO GUAÇUZAL (SENTIDO BAIRRO CAMPESTRE/GUAÇUZAL)
A7: PROPRIETÁRIO: PREFEITURA MUNICIPAL DE PILAR DO SUL/SP
D9: PRAZO DA OBRA: 180 DIAS
A10: ITEM | B10: DESCRIMINAÇÃO | C10: ETAPA | D10: 30 DIAS | E10: 60 DIAS | F10: 90 DIAS | G10: 120 DIAS | H10: 150 DIAS | I10: 180 DIAS
A11: 1 | B11: ='PLANILHA ORÇAMENTÁRIA'!D14 -> ADMINISTRAÇÃO LOCAL | C11: ='PLANILHA ORÇAMENTÁRIA'!J16 -> 11868.96 | D11: =$C$11/6 -> 1978.16 | E11: =$C$11/6 -> 1978.16 | F11: =$C$11/6 -> 1978.16 | G11: =$C$11/6 -> 1978.16 | H11: =$C$11/6 -> 1978.16 | I11: =$C$11/6 -> 1978.16
B12: % | C12: =C11/C22 -> 0.005506314 | D12: =$D$11/$C$11 -> 0.16666667 | E12: =$D$11/$C$11 -> 0.16666667 | F12: =$D$11/$C$11 -> 0.16666667 | G12: =$D$11/$C$11 -> 0.16666667 | H12: =$D$11/$C$11 -> 0.16666667 | I12: =$D$11/$C$11 -> 0.16666667
A13: 2 | B13: ='PLANILHA ORÇAMENTÁRIA'!D17 -> SERVIÇOS PRELIMINARES | C13: ='PLANILHA ORÇAMENTÁRIA'!J21 -> 17851.448 | D13: =C13 -> 17851.448
B14: % | C14: =C13/C22 -> 0.0082817432 | D14: =D13/C13 -> 1
A15: 3 | B15: ='PLANILHA ORÇAMENTÁRIA'!D22 -> ESCAVAÇÃO, SUBLEITO, SUB-BASE, BASE E REVESTIMENTO | C15: ='PLANILHA ORÇAMENTÁRIA'!J35 -> 1953180 | D15: =$C$15/6 -> 325530 | E15: =$C$15/6 -> 325530 | F15: =$C$15/6 -> 325530 | G15: =$C$15/6 -> 325530 | H15: =$C$15/6 -> 325530 | I15: =$C$15/6 -> 325530
B16: % | C16: =C15/C22 -> 0.90613014 | D16: =$D$15/$C$15 -> 0.16666667 | E16: =$D$15/$C$15 -> 0.16666667 | F16: =$D$15/$C$15 -> 0.16666667 | G16: =$D$15/$C$15 -> 0.16666667 | H16: =$D$15/$C$15 -> 0.16666667 | I16: =$D$15/$C$15 -> 0.16666667
A17: 4 | B17: ='PLANILHA ORÇAMENTÁRIA'!D36 -> GUIAS E SARJETAS | C17: ='PLANILHA ORÇAMENTÁRIA'!J39 -> 91647.907 | F17: =$C$17/5*2 -> 36659.163 | G17: =$C$17/5*2 -> 36659.163 | H17: =$C$17/5*1 -> 18329.581
B18: % | C18: =C17/C22 -> 0.042517807 | F18: =F17/$C$17 -> 0.4 | G18: =G17/$C$17 -> 0.4 | H18: =H17/$C$17 -> 0.2
A19: 5 | B19: ='PLANILHA ORÇAMENTÁRIA'!D40 -> CAIXA DE CAPTAÇÃO (BOCA DE LOBO) | C19: ='PLANILHA ORÇAMENTÁRIA'!J42 -> 80969.877 | F19: =$C$19/5*2 -> 32387.951 | G19: =$C$19/5*2 -> 32387.951 | H19: =$C$19/5*1 -> 16193.975
B20: % | C20: =C19/C22 -> 0.037563996 | F20: =F19/$C$19 -> 0.4 | G20: =G19/$C$19 -> 0.4 | H20: =H19/$C$19 -> 0.2
B22: RESUMO DO ORÇAMENTO | C22: =SUM(C11,C13,C15,C17,C19) -> 2155518.2
B24: TOTAL (R$) | D24: =SUM(D11,D13,D15) -> 345359.61 | E24: =SUM(E11,E15) -> 327508.16 | F24: =SUM(F11,F15,F17,F19) -> 396555.28 | G24: =SUM(G11,G15,G17,G19) -> 396555.28 | H24: =SUM(H11,H15,H17,H19) -> 362031.72 | I24: =SUM(I11,I15,) -> 327508.16
B25: TOTAL (%) | D25: =$D$24/$C$22 -> 0.16022115 | E25: =E24/C22 -> 0.15193941 | F25: =F24/C22 -> 0.18397213 | G25: =G24/C22 -> 0.18397213 | H25: =H24/C22 -> 0.16795577 | I25: =I24/C22 -> 0.15193941
B26: ACUMULADO (R$) | D26: =D24 -> 345359.61 | E26: =SUM(D26,E24) -> 672867.77 | F26: =SUM(E26,F24) -> 1069423 | G26: =SUM(F26,G24) -> 1465978.3 | H26: =SUM(G26,H24) -> 1828010 | I26: =SUM(H26,I24) -> 2155518.2
B27: ACUMULADO (%) | D27: =D25 -> 0.16022115 | E27: =SUM(D27,E25) -> 0.31216056 | F27: =SUM(E27,F25) -> 0.49613269 | G27: =SUM(F27,G25) -> 0.68010482 | H27: =SUM(G27,H25) -> 0.84806059 | I27: =SUM(H27,I25) -> 1
A29: OBS.: 1 - OS PRAZOS DAS ETAPAS SERÃO CONSIDERADOS A PARTIR DA DATA DA ASSINATURA DA ORDEM DE SERVIÇO INICIAL EMITIDA PELA PREFEITURA.
A32: PILAR DO SUL-SP, 12 DE JULHO DE 2022

Sheet ADM LOCAL 
A3: OBRA: EXECUÇÃO DE PAVIMENTAÇÃO ASFÁLTICA | G3: FONTE DE CUSTO: SINAPI : 05/2022
A4: LOCAL:TRECHO DA AVENIDA JOSÉ RUGINE - BAIRRO GUAÇUZAL | G4: TABELA DESONERADA
A6: PLANILHA DE COMPOSIÇÃO - ADMINISTRAÇÃO LOCAL
A7: ITEM | B7: CÓD. | C7: DESCRIÇÃO | D7: UND. | E7: QUANT. | F7: SALÁRIO/HORA | G7: CUSTO TOTAL
A8: 1.0 | B8: EQUIPE TÉCNICA
A9: 1.1 | B9: 90778 | C9: ENGENHEIRO CIVIL DE OBRA PLENO COM ENCARGOS COMPLEMENTARES | D9: H | E9: 24 | F9: 97.82 | G9: =E9*F9 -> 2347.68
A10: 1.2 | B10: 90781 | C10: TOPÓGRAFO COM ENCARGOS COMPLEMENTARES | D10: H | E10: 192 | F10: 49.59 | G10: =E10*F10 -> 9521.28
D11: TOTAL | G11: =SUM(G9:G10) -> 11868.96
A13: Permanência do Engenheiro na obra: 4 horas por mês x 6 meses = 24 horas
A14: Permanência do Topógrafo: 32 horas por mês x 6 meses = 192 horas
A17: PILAR DO SUL-SP, 08 DE JULHO DE 2022
